Warning! The script has encountered some errors when parsing the replay. Please report them to the . » details
0x4E, prev: 0x60: 60 4E B0 00 00 [4E] B0 00 00 69 6D 20 61 6C 77 61 79 73 20 6F 6E 20 74 68 65 20 77 69 6E 6E 69 6E 67 20 73 69 64 65 00 0A 0D 00 62 38 A7 00 00 CC B3 00 00 04 00 00 00 08 0D 00 62 38 A7 00 00 CC B3 00 00 04 00 00 00 02 0D 00 62 38 A7 00 00 CC B3 00 00 04 00 00 00 09 0D 00 62 38 A7 00 00 CC B3 00 00 04 00 00 00
0x00, prev: 0x4E: 60 4E B0 00 00 4E B0 [00] 00 69 6D 20 61 6C 77 61 79 73 20 6F 6E 20 74 68 65 20 77 69 6E 6E 69 6E 67 20 73 69 64 65 00 0A 0D 00 62 38 A7 00 00 CC B3 00 00 04 00 00 00 08 0D 00 62 38 A7 00 00 CC B3 00 00 04 00 00 00 02 0D 00 62 38 A7 00 00 CC B3 00 00 04 00 00 00 09 0D 00 62 38 A7 00 00 CC B3 00 00 04 00 00 00
0x77, prev: 0x69: 60 4E B0 00 00 4E B0 00 00 69 6D 20 61 6C 77 61 79 73 20 6F 6E 20 74 68 65 20 [77] 69 6E 6E 69 6E 67 20 73 69 64 65 00 0A 0D 00 62 38 A7 00 00 CC B3 00 00 04 00 00 00 08 0D 00 62 38 A7 00 00 CC B3 00 00 04 00 00 00 02 0D 00 62 38 A7 00 00 CC B3 00 00 04 00 00 00 09 0D 00 62 38 A7 00 00 CC B3 00 00 04 00 00 00
0x6E, prev: 0x77: 60 4E B0 00 00 4E B0 00 00 69 6D 20 61 6C 77 61 79 73 20 6F 6E 20 74 68 65 20 77 69 [6E] 6E 69 6E 67 20 73 69 64 65 00 0A 0D 00 62 38 A7 00 00 CC B3 00 00 04 00 00 00 08 0D 00 62 38 A7 00 00 CC B3 00 00 04 00 00 00 02 0D 00 62 38 A7 00 00 CC B3 00 00 04 00 00 00 09 0D 00 62 38 A7 00 00 CC B3 00 00 04 00 00 00
I028: Unknown ItemID
I006: Unknown ItemID
I00S: Unknown ItemID
I029: Unknown ItemID
0xAF, prev: 0x04: 60 04 AF 00 00 04 [AF] 00 00 68 61 68 61 00 01 0D 00 62 A6 B0 00 00 A6 B0 00 00 29 00 00 00 04 0D 00 62 A6 B0 00 00 A6 B0 00 00 28 00 00 00 0A 0D 00 62 38 A7 00 00 CC B3 00 00 07 00 00 00 05 0D 00 62 38 A7 00 00 CC B3 00 00 07 00 00 00 08 0D 00 62 38 A7 00 00 CC B3 00 00 07 00 00 00
0x00, prev: 0xAF: 60 04 AF 00 00 04 AF 00 [00] 68 61 68 61 00 01 0D 00 62 A6 B0 00 00 A6 B0 00 00 29 00 00 00 04 0D 00 62 A6 B0 00 00 A6 B0 00 00 28 00 00 00 0A 0D 00 62 38 A7 00 00 CC B3 00 00 07 00 00 00 05 0D 00 62 38 A7 00 00 CC B3 00 00 07 00 00 00 08 0D 00 62 38 A7 00 00 CC B3 00 00 07 00 00 00
0xA8, prev: 0x60: 62 A6 B0 00 00 A6 B0 00 00 2F 00 00 00 60 A8 AD 00 00 [A8] AD 00 00 6C 6F 6C 6F 6C 00 06 0D 00 62 A6 B0 00 00 A6 B0 00 00 2D 00 00 00 04 0D 00 62 A6 B0 00 00 A6 B0 00 00 2E 00 00 00
0x00, prev: 0xA8: 62 A6 B0 00 00 A6 B0 00 00 2F 00 00 00 60 A8 AD 00 00 A8 AD [00] 00 6C 6F 6C 6F 6C 00 06 0D 00 62 A6 B0 00 00 A6 B0 00 00 2D 00 00 00 04 0D 00 62 A6 B0 00 00 A6 B0 00 00 2E 00 00 00
0x6C, prev: 0x00: 62 A6 B0 00 00 A6 B0 00 00 2F 00 00 00 60 A8 AD 00 00 A8 AD 00 00 [6C] 6F 6C 6F 6C 00 06 0D 00 62 A6 B0 00 00 A6 B0 00 00 2D 00 00 00 04 0D 00 62 A6 B0 00 00 A6 B0 00 00 2E 00 00 00
0x6C, prev: 0x6C: 62 A6 B0 00 00 A6 B0 00 00 2F 00 00 00 60 A8 AD 00 00 A8 AD 00 00 6C 6F 6C 6F [6C] 00 06 0D 00 62 A6 B0 00 00 A6 B0 00 00 2D 00 00 00 04 0D 00 62 A6 B0 00 00 A6 B0 00 00 2E 00 00 00
e005: Unknown ItemID
I02G: Unknown ItemID
e00G: Unknown ItemID
R01U: Unknown ItemID
R00K: Unknown ItemID
R008: Unknown ItemID
R00F: Unknown ItemID
R01Q: Unknown ItemID
R01S: Unknown ItemID
o009: Unknown ItemID
o00A: Unknown ItemID
I00E: Unknown ItemID
R00T: Unknown ItemID
I00D: Unknown ItemID
I00C: Unknown ItemID
R00L: Unknown ItemID
A05D: Unknown ItemID
0x92, prev: 0x60: 60 92 AD 00 00 [92] AD 00 00 2D 6B 69 63 6B 20 6C 69 67 68 74 20 62 6C 75 65 00 01 0F 00 10 42 00 44 35 30 41 FF FF FF FF FF FF FF FF
0x00, prev: 0x92: 60 92 AD 00 00 92 AD [00] 00 2D 6B 69 63 6B 20 6C 69 67 68 74 20 62 6C 75 65 00 01 0F 00 10 42 00 44 35 30 41 FF FF FF FF FF FF FF FF
0x2D, prev: 0x00: 60 92 AD 00 00 92 AD 00 00 [2D] 6B 69 63 6B 20 6C 69 67 68 74 20 62 6C 75 65 00 01 0F 00 10 42 00 44 35 30 41 FF FF FF FF FF FF FF FF
A001: Unknown ItemID
General information
- name: ISLAND DEFENSE
- type: Ladder 1vs1/FFA
- host: BEAR_AND
- saver: BEAR_AND
map: aps\Download\IslandDefense2.8.3c
- players: 10
- length: 15:16
- speed: Fast
- version: 1.21 W3XP
- replay type:

» download(64 KB)
Players
team 1 (winner)
BEAR_AND (
red | 67 APM | 1024 actions | 15:16)
1 Blood Mage
1 Siphon Mana
1 Mountain King
1 Avatar
» actions
| Assign group hotkey | 2 | |
| Basic commands | 46 | |
| Build / train | 77 | |
| ESC pressed | 1 | |
| Enter build submenu | 30 | |
| Enter hero's abilities submenu | 3 | |
| Remove unit from queue | 5 | |
| Right click | 444 | |
| Select / deselect | 182 | |
| Select group hotkey | 93 | |
| Use ability | 141 | |
1024 total
Sashar (
blue | 34 APM | 96 actions | 02:48)
» actions
| Assign group hotkey | 5 | |
| Basic commands | 2 | |
| Build / train | 31 | |
| ESC pressed | 2 | |
| Enter build submenu | 9 | |
| Right click | 14 | |
| Select / deselect | 9 | |
| Select group hotkey | 15 | |
| Use ability | 9 | |
96 total
Rukis. (
purple | 26 APM | 117 actions | 04:34)
» actions
| Build / train | 7 | |
| Enter build submenu | 15 | |
| Right click | 61 | |
| Select / deselect | 18 | |
| Use ability | 16 | |
117 total
unknownko (
yellow | 2 APM | 2 actions | 01:01)
kyokwokwai (
orange | 34 APM | 500 actions | 14:42)
1 Warden
1 Blink
» actions
| Assign group hotkey | 23 | |
| Basic commands | 5 | |
| Build / train | 40 | |
| Enter build submenu | 53 | |
| Enter hero's abilities submenu | 1 | |
| Right click | 132 | |
| Select / deselect | 99 | |
| Select group hotkey | 81 | |
| Use ability | 66 | |
500 total
» buildings
» build order
00:58 Orc Burrow
01:00 Orc Burrow
01:33 Orc Burrow
01:44 Orc Burrow
01:56 Orc Burrow
02:04 Orc Burrow
02:08 Orc Burrow
06:40 Orc Burrow
06:47 Orc Burrow
06:50 Orc Burrow
veiwtiful (
green | 14 APM | 181 actions | 12:52)
» actions
| Build / train | 30 | |
| ESC pressed | 1 | |
| Enter build submenu | 37 | |
| Right click | 37 | |
| Select / deselect | 39 | |
| Use ability | 36 | |
181 total
razarz (
pink | 56 APM | 224 actions | 03:58)
» actions
| Assign group hotkey | 1 | |
| Basic commands | 4 | |
| Build / train | 33 | |
| ESC pressed | 1 | |
| Enter build submenu | 18 | |
| Right click | 84 | |
| Select / deselect | 35 | |
| Select group hotkey | 33 | |
| Use ability | 15 | |
224 total
Ethanis (
gray | 27 APM | 170 actions | 06:13)
» actions
| Basic commands | 10 | |
| Build / train | 13 | |
| Enter build submenu | 12 | |
| Right click | 56 | |
| Select / deselect | 63 | |
| Use ability | 16 | |
170 total
isle55 (
light-blue | 22 APM | 293 actions | 13:35)
» actions
| Assign group hotkey | 1 | |
| Basic commands | 20 | |
| Build / train | 36 | |
| ESC pressed | 4 | |
| Enter build submenu | 21 | |
| Right click | 72 | |
| Select / deselect | 51 | |
| Select group hotkey | 49 | |
| Use ability | 39 | |
293 total
» buildings
| Orc Burrow | 12 | |
| Tree of Life | 1 | |
13 total
» build order
00:49 Orc Burrow
01:00 Orc Burrow
01:44 Orc Burrow
01:48 Orc Burrow
02:29 Orc Burrow
02:45 Orc Burrow
06:07 Tree of Life
09:39 Orc Burrow
09:41 Orc Burrow
09:43 Orc Burrow
09:44 Orc Burrow
09:47 Orc Burrow
09:49 Orc Burrow
team 2 (loser)
Legendary. (
brown | 27 APM | 400 actions | 15:00)
3 Far Seer
1 Far Sight
2 Chain Lighting
1 Blademaster
1 Wind Walk
3 Shadow Hunter
3 Healing Wave
» actions
| Build / train | 14 | |
| Enter hero's abilities submenu | 6 | |
| Give item / drop item | 3 | |
| Right click | 312 | |
| Select / deselect | 34 | |
| Use ability | 31 | |
400 total
Chat log
(00:30 / All) Legendary.: so i gotta kill all the builders right?
(00:36 / Allies) BEAR_AND: haha
(00:39 / Allies) BEAR_AND: lolol
(00:42 / Allies) razarz: *sigh* dragon...
(00:51 / All) Legendary.: how do i pick hero?
(00:51 / Allies) isle55: ill share
(00:59 / All) Sashar: wait 13 momre secs
(01:01 / Allies) razarz: :)
(01:38 / All) Legendary.: opps
(01:53 / Allies) Ethanis: fuck me
(02:48 / Allies) Ethanis: huh?
(03:06 / Allies) BEAR_AND: i called that spot
(03:11 / Allies) BEAR_AND: i pinged it when the game started
(03:11 / All) Legendary.: i cant find any1
(03:14 / All) Legendary.: ima leave
(03:16 / All) Legendary.: k?
(03:16 / Allies) BEAR_AND: please find another base
(03:19 / All) BEAR_AND: ok
(03:29 / All) Legendary.: lol jk
(04:26 / Allies) BEAR_AND: grey you fucking noob
(04:29 / Allies) BEAR_AND: what are you doing
(04:36 / Allies) Ethanis: playing
(04:41 / Allies) BEAR_AND: find a new base
(04:41 / All) Legendary.: y run in
(04:44 / Allies) BEAR_AND: and don't play like a retard
(04:54 / All) Legendary.: im not noob btw. just trying to trick u all
(05:57 / Allies) BEAR_AND: grey you're going to get rolled
(06:03 / Allies) BEAR_AND: either wall or get a different base
(06:07 / Allies) Ethanis: thumbs up to u
(06:10 / Allies) BEAR_AND: ok bye
(09:06 / Allies) kyokwokwai: GREEN
(09:32 / Allies) kyokwokwai: GREEN
(09:45 / All) Legendary.: opps
(13:28 / All) Legendary.: wtf
(13:34 / All) BEAR_AND: nice
(13:34 / All) Legendary.: -kick light blue
(13:36 / All) Legendary.: faggot